 Dungeon Crawl Stone Soup version 0.31-a0-925-g0a390f2509 (webtiles) character file.

Game seed: 16022000112283017531

141 Fodor the Trooper (level 5, 0/41 (47) HPs)
             Began as a Minotaur Fighter on Oct 18, 2023.
             Slain by Terence
             ... wielding the +7 Throatcutter {drain, coup de grace}
              (4 damage)
             ... on level 3 of the Dungeon on Oct 19, 2023.
             The game lasted 00:14:33 (2720 turns).

Fodor the Trooper (Minotaur Fighter)                Turns: 2720, Time: 00:14:34

HP:   0/41 (47)     AC:  7    Str: 22    XL:     5   Next: 3%
MP:   4/4           EV:  9    Int:  5    God:
Gold: 221           SH:  4    Dex: 10    Spells: 4/4 levels left

rFire   . . .        a - +0 long sword
rCold   . . .        c - +0 buckler
rNeg    . . .        b - +0 scale mail
rPois   .            (helmet restricted)
rElec   .            (no cloak)
rCorr   .            (no gloves)
SInv    .            (no boots)
Will    .....        (no amulet) Stlth
                     (no ring)
HPRegen 0.26/turn    (no ring)
MPRegen 0.09/turn

%: no passive effects
@: heavily drained
A: horns 2, retaliatory headbutt
a: no special abilities


You were on level 3 of the Dungeon.
You visited 1 branch of the dungeon, and saw 3 of its levels.

You collected 221 gold pieces.

Inventory:

Hand Weapons
 a - a +0 long sword (weapon)
 p - a +0 club
Missiles
 j - 3 boomerangs (quivered)
 o - 2 poisoned darts
Armour
 b - a +0 scale mail (worn)
 c - a +0 buckler (worn)
Jewellery
 m - an amulet of magic regeneration
Scrolls
 e - 2 scrolls of fear {unknown}
 h - 3 scrolls of identify {unknown}
 i - a scroll of poison {unknown}
 k - a scroll of teleportation {unknown}
 l - 2 scrolls of fog {unknown}
 n - a scroll of immolation {unknown}
Potions
 d - 2 potions of might
 f - a potion of curing {unknown}
 g - a potion of lignification {unknown}


   Skills:
 + Level 4.5 Fighting
 + Level 4.3 Long Blades
 + Level 4.3 Armour
 + Level 1.2 Dodging
 + Level 4.2 Shields


You had 4 spell levels left.
You didn't know any spells.
Your spell library contained the following spells:

 Spells                   Type           Power      Damage    Failure   Level
 Animate Dead             Necr           0%         N/A       100%        4
 Haunt                    Necr/Summ      0%         N/A       100%        7
 Infestation              Necr           0%         N/A       100%        8


Dungeon Overview and Level Annotations

Branches:
Dungeon (3/15)

Altars:

Annotations:
D:3 1 runed translucent door, Crazy Yiuf, Terence


Innate Abilities, Weirdness & Mutations

You have a pair of horns on your head.
You reflexively headbutt those who attack you in melee.


Message History

The orc moves out of view.
The orc hits you with a +0 dagger.
You hit the orc. Your headbutt misses the orc.
The orc is moderately wounded.
The orc hits you with a +0 dagger. You block the orc's attack.
You barely miss the orc. You headbutt the orc.
You kill the orc!
You now have 221 gold pieces (gained 5).
Things that are here:
a +0 dagger; an orc corpse
Found a hammer.
Found a runed translucent door.
Crazy Yiuf shouts!
Crazy Yiuf yells, "Fire water bush!"
Found a stone staircase leading up.
Found a scroll labelled PEZADW TORYTE.
l - 2 scrolls labelled PEZADW TORYTE (gained 1) Terence the Incautious comes into view.
He is wielding the +7 Throatcutter {drain, coup de grace} and wearing a +0 scale mail of poison resistance.
Terence shouts!
You barely miss Terence.
Terence hits you with the +7 Throatcutter {drain, coup de grace}.
You feel drained.
You barely miss Terence.
Terence hits you with the +7 Throatcutter {drain, coup de grace}!
You feel drained. Terence barely misses you.
You closely miss Terence. Terence shouts, "Now you die!"
Terence hits you but does no damage.
You feel drained.
You barely miss Terence. You headbutt Terence.
Terence is lightly wounded.
Terence says, "Did you write a will?
You should..."
Terence barely misses you.
You closely miss Terence. Your headbutt misses Terence.
Terence hits you with the +7 Throatcutter {drain, coup de grace}!
You feel drained.
You hit Terence.
Terence is lightly wounded.
Terence hits you with the +7 Throatcutter {drain, coup de grace}!
* * * LOW HITPOINT WARNING * * *
You feel drained.
You die...

### ..# #.# #.######
#......#
####......#######
#...............#
#.#####@##......#####.#
#......@.....<...# #.#
##......##..##.#.####.##
#.###..##..##.#........
# #..##..##.######.##
#.#....##.# #..# ..
.##.##.# ##.#.## .## .
#.##.###.##..# . .#
.##..........


You could see Terence.

Vanquished Creatures
  5 adders
  A worm (D:3)
  A dart slug (D:2)
  6 orcs (D:3)
  9 endoplasms
  2 giant cockroaches
  8 goblins
  5 hobgoblins
  7 jackals
  7 quokkas
  3 ball pythons
  8 bats
  2 frilled lizards (D:3)
  6 kobolds
  9 rats
79 creatures vanquished.

Notes
Turn   | Place    | Note
-------+----------+-------------------------------------------
     0 | D:1      | Fodor the Minotaur Fighter began the quest for the Orb.
     0 | D:1      | Reached XP level 1. HP: 19/19 MP: 0/0
   197 | D:1      | Reached XP level 2. HP: 27/27 MP: 1/1
   245 | D:1      | You fall into a shaft and drop 1 floor!
   961 | D:2      | Reached XP level 3. HP: 30/33 MP: 2/2
   964 | D:2      | Found a faded altar of an unknown god.
  1245 | D:2      | Reached XP level 4. HP: 40/41 MP: 3/3
  2451 | D:3      | Reached skill level 1 in Dodging
  2538 | D:3      | Reached XP level 5. HP: 29/47 MP: 4/4
  2647 | D:3      | Found a runed translucent door.
  2648 | D:3      | Noticed Crazy Yiuf
  2712 | D:3      | Noticed Terence
  2720 | D:3      | Slain by Terence

Illustrated notes

Levels and vault maps discovered:
D:1:      elethiomel_arrival_shortcut, layout_loops_ring, serial_bayou,
          serial_bayou_ford_a, serial_bayou_lake_a, serial_bayou_shore_a,
          serial_bayou_shore_b, kennysheep_another_room
D:2:      minmay_thinvault, layout_loops_ring, serial_aquarium,
          aquarium_bridge_square [aquarium_subvault_window,
          aquarium_subvault_bridge, aquarium_subvault_wall,
          aquarium_subvault_wall], aquarium_window_1, aquarium_window_fake,
          aquarium_window_1, aquarium_view_4, aquarium_view_2d,
          ebering_ecumenical_altar_ruins
D:3:      minmay_recursive_quarters, layout_loops_ring,
          nicolae_qazlal_eye_of_the_storm, uniq_terence, uniq_sigmund,
          uniq_crazy_yiuf_cottage

Skill      XL: |  1  2  3  4 |
---------------+-------------+-----
Shields        | 4 |  4.2
Fighting       | 4 |  4.5
Armour         | 4 |  4.3
Long Blades    | 3 4 |  4.3
Dodging        | 1 |  1.2

Action                     |  1- 3 |  4- 6 || total
---------------------------+-------+-------++-------
  Melee: Long sword        |    99 |    91 ||   190
         Headbutt          |    13 |    12 ||    25
 Armour: Scale mail        |    72 |    92 ||   164
  Dodge: Dodged            |    45 |    72 ||   117
  Block: Buckler           |    29 |    26 ||    55

Table legend: (Time is in decaauts)
 A = Elapsed time spent in this place.
 B = Non-inter-level travel time spent in this place.
 C = Inter-level travel time spent in this place.
 D = Time resting spent in this place.
 E = Time spent auto-exploring this place.
 F = Levels seen in this place.
 G = Mean time per level.
                   A        B        C        D        E       F      G
               +--------+--------+--------+--------+--------+-----+--------+
         Total |   2804 |   2438 |    366 |      0 |      0 |   3 |  934.7 |
       Dungeon |   2804 |   2438 |    366 |      0 |      0 |   3 |  934.7 |
               +--------+--------+--------+--------+--------+-----+--------+

Top non-repeatable levels by time:
     D:2: 1411 daAuts
     D:1: 943 daAuts
     D:3: 449 daAuts
